Map: Frost LE

Players

DeMusliM - Winner!

  • Race: Terran Terran
  • League: Grandmaster

LiquidTLO (TLO)

  • Race: Zerg Zerg
  • League: Grandmaster

VOD

Have the link to the VOD?

Description

Time

  • Played on: July 5, 2016, 1:57 p.m.
  • Length: 9:04
Show
View Real Time Build Order
Export as new Build Order

DeMusliM Terran - Winner!

Build Orders: Reaper Expand, MMM Bio 

Get SALT Encoding   

  12  0:00  SCV  
  13  0:12  SCV  
  14  0:17  Supply Depot  
  14  0:25  SCV  
  15  0:39  SCV  
  15  0:40  Barracks  
  16  0:44  Refinery  
  16  0:51  SCV  
  17  1:03  SCV  
  18  1:15  SCV  
  19  1:28  Reaper, Orbital Command  
  20  1:42  Command Center  
  20  1:50  Barracks  
  21  1:54  SCV  
  21  2:01  Barracks Reactor  
  21  2:07  Supply Depot, SCV  
  22  2:12  Refinery  
  22  2:19  SCV  
  23  2:31  SCV  
  24  2:38  Barracks Tech Lab  
  24  2:43  Factory, Marine  
  24  2:44  Marine, SCV  
  27  2:56  Marine, SCV  
  27  2:57  Stimpack  
  30  2:59  Orbital Command  
  30  3:03  Marine  
  30  3:08  Marine  
  30  3:11  SCV  
  32  3:14  Marine  
  33  3:21  Marine  
  33  3:25  SCV  
  33  3:26  SCV  
  36  3:28  Starport, Factory Reactor  
  35  3:38  Marine x2  
  35  3:39  Marine, SCV  
  35  3:40  SCV  
  40  3:43  Supply Depot  
  40  3:51  SCV  
  40  3:52  SCV  
  42  3:55  Marine  
  42  3:56  Marine  
  42  3:57  Marine  
  45  4:04  SCV  
  45  4:05  SCV  
  47  4:11  Medivac x2  
  47  4:13  Marine x2  
  47  4:14  Supply Depot, Marine  
  54  4:20  Engineering Bay  
  54  4:24  Engineering Bay  
  54  4:30  Supply Depot  
  54  4:34  Liberator  
  54  4:35  Marine x3, SCV x2  
  59  4:41  Refinery  
  59  4:47  Terran Infantry Weapons Level 1  
  59  4:48  SCV x2  
  64  4:53  Supply Depot  
  64  4:57  Marine  
  64  4:58  Marine x2  
  67  5:00  SCV x2  
  69  5:16  Marine x2  
  69  5:17  Marine  
  69  5:18  Terran Infantry Armor Level 1  
  72  5:25  SCV x2  
  72  5:27  Combat Shields  
  74  5:31  Barracks x2  
  74  5:33  Barracks  
  72  5:38  Marine  
  69  5:47  Marine x2  
  58  5:50  Medivac x2  
  58  5:56  Marine  
  62  5:58  Command Center  
  62  6:02  SCV x2  
  64  6:04  Marine  
  64  6:05  Marine  
  64  6:07  Factory Reactor  
  64  6:10  Refinery  
  66  6:14  Marine, SCV x2  
  66  6:17  Marine  
  66  6:18  Marine  
  70  6:19  Medivac  
  70  6:20  Marine  
  70  6:22  Marine x2  
  76  6:30  Armory  
  76  6:31  Marine  
  77  6:35  Marine  
  77  6:38  Supply Depot x2  
  78  6:54  Marine x2  
  78  6:59  Marine x3, Medivac, SCV x2  
  82  7:02  Marine  
  80  7:11  SCV x2  
  80  7:12  Marine, Marauder  
  85  7:17  Marine x3  
  85  7:20  Marine  
  85  7:24  SCV x2  
  85  7:26  Medivac  
  85  7:27  Widow Mine x2  
  93  7:30  Marine  
  93  7:33  Marine  
  93  7:35  Marine x3  
  98  7:37  Marine  
  99  7:47  Marine  
  99  7:51  Marine  
  70  7:59  Marine x4  
  70  8:00  SCV  
  75  8:06  Engineering Bay, SCV  
  75  8:07  Supply Depot  
  75  8:08  Marine, Orbital Command  
  75  8:12  SCV  
  78  8:18  Marine, SCV  
  78  8:19  Barracks Reactor, Marine  
  81  8:20  Barracks Reactor x2, Bunker  
  81  8:24  SCV  
  81  8:30  SCV  
  81  8:34  SCV  
  81  8:35  Marine  
  81  8:36  Marine, SCV  
  81  8:42  SCV  
  81  8:46  SCV  
  83  8:48  SCV  
Show
View Real Time Build Order
Export as new Build Order

LiquidTLO Zerg 

Build Orders: Hatch First 

Get SALT Encoding   

  12  0:01  Drone  
  13  0:12  Overlord  
  13  0:17  Drone  
  14  0:31  Drone  
  14  0:33  Drone  
  16  0:36  Drone  
  17  0:52  Hatchery  
  17  0:55  Drone  
  17  0:58  Drone  
  17  1:01  Extractor  
  17  1:15  Spawning Pool  
  17  1:17  Drone  
  17  1:21  Drone  
  18  1:28  Drone  
  19  1:38  Overlord  
  19  2:02  Metabolic Boost, Zergling x2, Drone  
  19  2:03  Queen  
  19  2:05  Queen  
  25  2:09  Zergling x2  
  25  2:14  Drone  
  27  2:16  Drone  
  27  2:21  Drone  
  29  2:27  Drone  
  29  2:29  Spore Crawler  
  30  2:38  Queen  
  30  2:41  Overlord  
  30  2:42  Queen  
  34  2:52  Zergling x4  
  34  2:53  Overlord  
  36  3:00  Drone  
  36  3:01  Drone  
  38  3:06  Overlord  
  38  3:09  Drone  
  38  3:11  Drone  
  38  3:12  Drone x3  
  43  3:16  Drone  
  43  3:17  Drone  
  43  3:19  Drone  
  46  3:21  Drone  
  47  3:29  Drone  
  48  3:35  Hatchery  
  48  3:40  Extractor, Drone  
  47  3:42  Queen  
  47  3:45  Drone  
  49  3:49  Drone  
  49  3:50  Drone  
  49  3:55  Drone  
  52  3:57  Zergling x2  
  53  4:05  Drone  
  53  4:07  Drone x2  
  53  4:08  Zergling x2  
  53  4:09  Baneling Nest  
  56  4:10  Drone  
  56  4:11  Zergling x2  
  58  4:17  Zergling x2  
  58  4:22  Overlord  
  58  4:23  Overlord x2  
  59  4:30  Evolution Chamber  
  59  4:31  Zergling x2  
  59  4:32  Evolution Chamber  
  59  4:35  Overlord  
  59  4:37  Overlord  
  59  4:38  Zergling x2  
  59  4:42  Drone  
  59  4:43  Drone  
  59  4:44  Drone  
  62  4:48  Zergling x2  
  62  4:49  Drone  
  62  4:52  Zergling x2  
  65  4:55  Zergling x2, Baneling  
  65  4:57  Drone  
  65  4:58  Zergling x4  
  69  5:01  Drone  
  69  5:03  Zerg Ground Armor Level 1  
  69  5:04  Zerg Melee Weapons Level 1  
  69  5:06  Zergling x2  
  71  5:10  Zergling x2  
  71  5:12  Zergling x2  
  65  5:15  Zergling x4  
  65  5:16  Zergling x2  
  65  5:17  Zergling x2  
  65  5:20  Zergling x2, Queen  
  66  5:23  Zergling x2  
  66  5:25  Zergling x2  
  66  5:27  Zergling x2  
  66  5:28  Baneling x2  
  66  5:30  Zergling x2  
  66  5:34  Zergling x2  
  62  5:37  Zergling x2  
  62  5:41  Zergling x2  
  54  5:44  Zergling x2  
  54  5:47  Zergling x2  
  54  5:48  Zergling x2  
  54  5:49  Queen  
  53  5:51  Zergling x2  
  53  5:53  Zergling x2  
  53  5:55  Zergling x2  
  53  5:56  Zergling x2  
  57  5:58  Zergling x2  
  57  5:59  Zergling x2  
  59  6:05  Spore Crawler  
  59  6:06  Zergling x2  
  59  6:13  Baneling x3, Spore Crawler  
  59  6:18  Zergling x4  
  60  6:20  Zergling x2  
  60  6:21  Zergling x2  
  60  6:23  Zergling x2  
  60  6:25  Zergling x2  
  64  6:28  Zergling x2  
  64  6:29  Zergling x2  
  64  6:30  Zergling x2  
  64  6:32  Zergling x2  
  68  6:33  Zergling x2  
  68  6:35  Zergling x2  
  70  6:40  Zergling x2  
  70  6:41  Spore Crawler  
  70  6:42  Zergling x2  
  70  6:47  Zergling x2  
  72  6:49  Zergling x2  
  72  6:51  Zergling x2  
  69  6:58  Zergling x8  
  69  7:00  Zergling x2  
  67  7:02  Zergling x2  
  67  7:06  Queen  
  67  7:07  Zergling x2  
  71  7:11  Zergling x4  
  71  7:13  Zergling x4  
  71  7:14  Zergling x2  
  76  7:17  Zergling x2  
  76  7:18  Baneling  
  76  7:19  Baneling x5  
  76  7:20  Baneling  
  76  7:21  Baneling  
  77  7:23  Baneling x3  
  77  7:26  Zergling x2  
  77  7:27  Baneling  
  77  7:28  Zergling x2  
  77  7:30  Zergling x2  
  77  7:32  Zergling x2  
  77  7:35  Zergling x2  
  77  7:45  Zergling x2  
  77  7:46  Zergling x4  
  77  7:47  Zergling x2, Drone  
  77  7:49  Zergling x2  
  74  7:53  Zergling x4  
  74  7:55  Zergling x4  
  66  8:00  Zergling x2  
  66  8:02  Lair  
  66  8:03  Drone  
  66  8:04  Zergling x2  
  67  8:11  Drone  
  68  8:13  Baneling  
  68  8:14  Zergling x2, Baneling x6  
  68  8:15  Zergling x2  
  68  8:19  Baneling x2  
  70  8:22  Zergling x2  
  70  8:23  Zergling x2  
  64  8:27  Zergling x2  
  64  8:33  Zergling x2  
  62  8:34  Zergling x2  
  62  8:35  Zergling x2  
  62  8:36  Zergling x2  
  62  8:37  Zergling x2  
  62  8:39  Zergling x2  
  69  8:41  Zergling x2  
  69  8:43  Zergling x2  
  69  8:45  Zergling x2  
  69  8:46  Zergling x2  
Tags
 
Add a new tag
Caveats
  • Supply blocks, unpowered buildings, or Contaminate may cause inaccurate times.
  • Supply counts are checked every 10 seconds.